 Dungeon Crawl Stone Soup version 0.30-a0-782-ge64f9170bb (webtiles) character file.

Game seed: 622120145403821843

65 tilp the Slasher (level 4, 0/40 HPs)
             Began as a Meteoran Fighter on Feb 22, 2023.
             Slain by an orc wizard
             ... wielding a +0 dagger
              (1 damage)
             ... on level 3 of the Dungeon.
             The game lasted 00:02:19 (537 turns).

tilp the Slasher (Meteoran Fighter)                  Turns: 537, Time: 00:02:20

Health: 0/40       AC: 10    Str: 15    XL:     4   Next: 62%
Magic:  5/5        EV:  6    Int:  9    God:
Gold:   53         SH:  0    Dex: 16    Spells: 3/3 levels left

rFire   + . .      SeeInvis .    a - +0 long sword
rCold   + . .      Faith    .    c - +0 buckler
rNeg    . . .      Spirit   .    m - +0 chain mail
rPois   +          Reflect  .    h - +0 helmet
rElec   +          Harm     .    (no cloak)
rCorr   +          Rampage  .    (no gloves)
Will    ++...                    (no boots) Stlth
                                 (no amulet)
HPRegen 0.26/turn                i - ring of willpower
MPRegen 0.09/turn                (no ring)

@: confused, mighty, brilliant, resistant, glowing
A: sense surroundings 1, otherworldly, glowing, explore regen, deterioration 1,
strong-willed 1, weak 1
a: no special abilities


You were on level 3 of the Dungeon.
You visited 1 branch of the dungeon, and saw 4 of its levels.

You collected 53 gold pieces.

Inventory:

Hand Weapons
 a - a +0 long sword (weapon)
Missiles
 g - 9 stones
 n - 7 poisoned darts (quivered)
 p - 6 boomerangs
Armour
 c - a +0 buckler (worn)
 h - a +0 helmet (worn)
 m - a +0 chain mail (worn)
Jewellery
 i - a ring of willpower (left hand)
Scrolls
 b - a scroll of poison {unknown}
 f - a scroll of fog {unknown}
 j - 2 scrolls of torment {unknown}
 k - 2 scrolls of silence {unknown}
 q - a scroll of identify {unknown}


   Skills:
 + Level 3.9 Fighting
 * Level 4.0 Long Blades
 - Level 3.6 Armour
 + Level 1.9 Dodging
 - Level 3.6 Shields


You had 3 spell levels left.
You didn't know any spells.
Your spell library was empty.

Dungeon Overview and Level Annotations

Branches:
Dungeon (4/15) Zot: 1844
 Temple: D:4-7

Altars:

Annotations:
D:4 Edmund


Innate Abilities, Weirdness & Mutations

You passively map a small area around you.
You are easily found by Zot.
You glow in the dark.
You regain HP and MP as you explore.
Your body sometimes deteriorates upon taking damage.
You are strong-willed. (Will+)
You are weak. (Str -2)


Message History

You block the orc's attack.
You barely miss something. Something hits you but does no damage.
The orc hits you but does no damage.
You closely miss something. The orc hits you but does no damage.
You hear some strange, mumbled words.
A magic dart appears from out of thin air!
The magic dart hits you.
You barely miss something.
You hear some strange, mumbled words.
You are confused.
The orc hits you but does no damage.
You slice the orc!!
You kill the orc!
Something hits you but does no damage. Something hits you.
You slash something! The worm bites you!
* * * LOW HITPOINT WARNING * * *
Something hits you.
* * * LOW HITPOINT WARNING * * *
You bump into the rock wall.
Something hits you.
* * * LOW HITPOINT WARNING * * *
The worm bites you.
* * * LOW HITPOINT WARNING * * *
Unknown command.
It was a potion of brilliance.
You feel clever all of a sudden. Something hits you.
* * * LOW HITPOINT WARNING * * *
Unknown command.
It was a potion of resistance.
You feel protected.
You hear some strange, mumbled words.
A magic dart appears from out of thin air!
The magic dart hits you.
* * * LOW HITPOINT WARNING * * *
The worm bites you but does no damage.
Unknown command.
It was a potion of mutation.
You feel extremely strange.
You feel weaker.
You feel yourself wasting away.
You feel strong-willed. Something hits you.
You die...

.)..............#
................#
................#
..##..........###
..##........#.#
####.....####.####
#.....# #....# #
#.....# #..{## #### #
#.....# #..w@#....#
####.####....#.###..#**
..##.# #.#.##......#
#.##.# *.#.##...#.##
#.##.# *.#......#.#
#....# #......o....#
##.#.# #>.[.......##
*#.###*#......[w.....#
... ,.....?....!##.#


You could see a worm.

Vanquished Creatures
  An orc priest (D:3)
  A worm (D:4)
  3 dart slugs
  3 orcs
  A ball python (D:1)
  An endoplasm (D:1)
  2 giant cockroaches
  3 goblins
  2 hobgoblins
  A kobold (D:3)
  2 quokkas
  A bat (D:3)
  A frilled lizard (D:1)
  A rat (D:3)
23 creatures vanquished.

Notes
Turn   | Place    | Note
-------+----------+-------------------------------------------
     0 | D:1      | tilp the Meteoran Fighter began the quest for the Orb.
     0 | D:1      | Reached XP level 1. HP: 19/19 MP: 2/2
    48 | D:1      | Reached XP level 2. HP: 24/26 MP: 3/3
    94 | D:2      | Reached skill level 3 in Long Blades
   251 | D:3      | Reached skill level 1 in Dodging
   367 | D:3      | Reached XP level 3. HP: 29/31 MP: 4/4
   467 | D:4      | Noticed a black bear
   467 | D:4      | Noticed a wyvern
   467 | D:4      | Noticed Edmund
   528 | D:3      | Reached skill level 4 in Long Blades
   528 | D:3      | Reached XP level 4. HP: 24/40 MP: 5/5
   536 | D:3      | HP: 1/40 [something/magic dart (4)]
   537 | D:3      | Gained mutation: You are weak. (Str -2) [potion of
                  | mutation]
   537 | D:3      | Gained mutation: Your body sometimes deteriorates upon
                  | taking damage. [potion of mutation]
   537 | D:3      | Gained mutation: You are strong-willed. (Will+) [potion of
                  | mutation]
   537 | D:3      | Slain by an orc wizard

Illustrated notes

Levels and vault maps discovered:
D:1:      ebering_trefoil_twist, layout_basic
D:2:      minmay_alternating_diamond, layout_basic
D:3:      layout_basic, serial_aquarium, aquarium_bridge_long_joined
          [aquarium_subvault_bridge, aquarium_subvault_wall,
          aquarium_subvault_wall, aquarium_subvault_window,
          aquarium_subvault_wall, aquarium_subvault_wall],
          aquarium_window_corner, aquarium_window_3, aquarium_view_2e,
          aquarium_view_2f, aquarium_balcony_3a, aquarium_pool_corner
D:4:      layout_loops_ring, grunt_temple_overflow_open, kennysheep_mini_moat,
          st_stairs_10, uniq_edmund

Skill      XL: |  1  2  3 |
---------------+----------+-----
Long Blades    | 3 4 |  4.0
Dodging        | 1 |  1.9
Fighting       | |  3.9
Armour         | |  3.6
Shields        | |  3.6

Action                     |  1- 3 |  4- 6 || total
---------------------------+-------+-------++-------
  Melee: Long sword        |    57 |     6 ||    63
    Use: Potion            |     1 |     3 ||     4
 Armour: Scale mail        |     8 |       ||     8
         Chain mail        |    16 |     8 ||    24
  Dodge: Dodged            |    19 |       ||    19
  Block: Buckler           |     8 |     1 ||     9

Table legend: (Time is in decaauts)
 A = Elapsed time spent in this place.
 B = Non-inter-level travel time spent in this place.
 C = Inter-level travel time spent in this place.
 D = Time resting spent in this place.
 E = Time spent auto-exploring this place.
 F = Levels seen in this place.
 G = Mean time per level.
                   A        B        C        D        E       F      G
               +--------+--------+--------+--------+--------+-----+--------+
         Total |    554 |    477 |     77 |      0 |      0 |   4 |  138.5 |
       Dungeon |    554 |    477 |     77 |      0 |      0 |   4 |  138.5 |
               +--------+--------+--------+--------+--------+-----+--------+

Top non-repeatable levels by time:
     D:3: 393 daAuts
     D:1: 70 daAuts
     D:4: 46 daAuts
     D:2: 44 daAuts
